 Dungeon Crawl Stone Soup version 0.26.1-2-gb8aa6d0cf2 (webtiles) character file.

Game seed: 14780678061415200135

6223 CunnyBadger the Cutter (level 10, 0/80 HPs)
             Began as a Demigod Transmuter on Mar 25, 2021.
             Slain by sixsigma's ghost (17 damage)
             ... on level 9 of the Dungeon.
             The game lasted 01:20:40 (11109 turns).

CunnyBadger the Cutter (Demigod Transmuter)        Turns: 11109, Time: 01:20:41

Health: 0/80       AC: 14    Str: 19    XL:     10   Next: 35%
Magic:  16/16      EV: 15    Int: 17    God:
Gold:   438        SH: 12    Dex: 28    Spells: 12/13 levels left

rFire    . . .     SeeInvis .   J - +2 long sword (vorpal)
rCold    . . .     Faith    .   x - +0 kite shield
rNeg     . . .     Spirit   .   o - +3 ring mail
rPois    .         Reflect  .   u - +0 helmet
rElec    .         Harm     .   (no cloak)
rCorr    .         Rampage  .   d - +0 pair of gloves
Will     +....                  f - +1 pair of boots
Stlth    ++........             t - amulet of regeneration
HPRegen  0.63/turn              z - +6 ring of dexterity
MPRegen  0.15/turn              g - +6 ring of dexterity

@: about to teleport
A: high mp 1
a: no special abilities


You were on level 9 of the Dungeon.
You visited 1 branch of the dungeon, and saw 9 of its levels.

You collected 438 gold pieces.

Inventory:

Hand Weapons
 e - a +3 dagger of draining
 j - a +2 dire flail
 B - a +1 whip of electrocution
 C - a +1 flail of venom
 H - a +3 mace
 I - a +2 battleaxe
 J - a +2 vorpal long sword (weapon)
 L - a +3 scythe
 R - a +2 whip of electrocution
Missiles
 r - 5 boomerangs
 G - 7 boomerangs of dispersal
Armour
 d - a +0 pair of gloves (worn)
 f - a +1 pair of boots (worn)
 o - a +3 ring mail (worn)
 u - a +0 helmet (worn)
 x - a +0 kite shield (worn)
 P - a +0 ring mail of willpower
 Q - a +0 pair of boots
Magical Staves
 S - an uncursed staff of death {unknown}
Jewellery
 b - an uncursed ring of fire
 g - a +6 ring of dexterity (right hand)
 t - an amulet of regeneration (around neck)
 z - a +6 ring of dexterity (left hand)
 D - an uncursed ring of magical power
 N - an uncursed ring of see invisible
 T - an uncursed ring of fire
Wands
 F - a wand of enslavement (4)
 U - a wand of flame (21)
 W - a wand of paralysis (11)
Scrolls
 c - a scroll of teleportation
 l - a scroll of identify
 n - 6 scrolls of remove curse
 s - 3 scrolls of amnesia
 y - 2 scrolls of noise
 E - a scroll of immolation {unknown}
 M - 2 scrolls of fog
 O - a scroll of magic mapping
Potions
 a - 2 potions of attraction {unknown}
 h - 4 potions of might {unknown}
 i - 3 potions of haste {unknown}
 k - a potion of invisibility
 m - 6 potions of curing {unknown}
 p - 3 potions of heal wounds {unknown}
 q - a potion of magic {unknown}
 v - a potion of lignification {unknown}
 w - a potion of flight {unknown}
 A - 2 potions of brilliance {unknown}
 K - 2 potions of mutation {unknown}


   Skills:
 + Level 4.6 Fighting
 + Level 6.3(7.0) Short Blades
 + Level 4.6(6.2) Long Blades
 + Level 0.3 Maces & Flails
 + Level 5.8 Armour
 + Level 6.1 Dodging
 + Level 3.1 Stealth
 + Level 6.3 Shields
 + Level 3.6 Unarmed Combat
 + Level 2.0 Spellcasting
 + Level 2.0 Transmutations


You had 12 spell levels left.
You knew the following spells:

 Your Spells              Type           Power        Failure   Level
a - Beastly Appendage     Tmut           16%          38%         1

Your spell library contained the following spells:

 Spells                   Type           Power        Failure   Level
 Wereblood                Tmut           8%           54%         2
 Freeze                   Ice            4%           67%         1
 Spider Form              Tmut/Pois      2%           88%         3
 Confusing Touch          Hex            1%           96%         3
 Frozen Ramparts          Ice            2%           96%         3
 Gell's Gravitas          Tloc           0%           96%         3
 Ozocubu's Armour         Ice            1%           96%         3
 Ice Form                 Ice/Tmut       5%           99%         4
 Petrify                  Tmut/Erth      5%           99%         4
 Hailstorm                Conj/Ice       1%           100%        4
 Summon Ice Beast         Ice/Summ       1%           100%        4
 Blade Hands              Tmut           4%           100%        5
 Metabolic Englaciation   Hex/Ice        0%           100%        5
 Yara's Violent Unravell  Hex/Tmut       2%           100%        5


Dungeon Overview and Level Annotations

Branches:
Dungeon (9/15)             Temple (0/1) D:4
   Lair: D:8-11         Orc: D:9-12

Annotations:
D:9 sixsigma's ghost, journeyman GnCj


Innate Abilities, Weirdness & Mutations

You have an increased reservoir of magic. (+10% MP)


Message History

Sixsigma's ghost hits you!
You barely miss sixsigma's ghost.
Sixsigma's ghost is heavily damaged.
Sixsigma's ghost casts a spell at you.
The magic dart hits you but does no damage.
Sixsigma's ghost hits you.
You are electrocuted!
* * * LOW HITPOINT WARNING * * *
You block sixsigma's ghost's attack.
As you read the scroll of teleportation, it crumbles to dust.
You feel strangely unstable.
Sixsigma's ghost points at you and mumbles some strange words.
The magic dart hits you but does no damage.
You barely miss sixsigma's ghost.
Sixsigma's ghost is heavily damaged.
Sixsigma's ghost hits you but does no damage.
You barely miss sixsigma's ghost.
Sixsigma's ghost is heavily damaged.
Sixsigma's ghost hits you but does no damage.
You are electrocuted!
You die...

#......# #..#
...# #.......#
#...####.###...#
#........# ...#
# #........#
...# #.
#...###..# ..#
####. #...# #..#
.# ...... #...#
#..#
.$....###...#
#..# #
#....@...# #..#
.. # #....W...#
#..# ## .#
#..####..###..##
# #..# #..
#..#.....## #
...# #.
#....###..#...#
...# #.
#...##⌠##.....#
...# #
#..##...##....#
.....
##.##.....##...#
....
#..'...♣!.⌠#...#


You could see sixsigma's ghost.

Vanquished Creatures
  A two-headed ogre (D:9)
  An ugly thing (D:7)
  Sigmund (D:6)
  A shadow (D:7)
  Edmund (D:6)
  An orc warrior (D:8)
  2 sky beasts
  3 eyes of draining (D:4)
  3 black bears
  2 ice beasts
  4 ogres
  2 phantoms
  3 centaurs
  2 big kobolds
  4 bullfrogs
  12 killer bees
  2 electric eels (D:7)
  15 wights
  6 howler monkeys
  A centaur zombie (D:8)
  2 bullfrog skeletons
  2 bullfrog zombies
  2 centaur skeletons (D:4)
  4 orc priests
  5 hounds
  A quasit (D:9)
  A gnoll shaman (D:7)
  An iguana (D:8)
  8 worker ants
  Natasha (D:3)
  4 orc wizards
  A killer bee zombie (D:6)
  2 hound zombies (D:7)
  A hound skeleton (D:4)
  6 gnolls
  11 adders
  A white imp (D:8)
  An ufetubus (D:6)
  6 oozes
  An adder zombie (D:9)
  A worm (D:2)
  A dart slug (D:1)
  8 leopard geckos
  27 orcs
  2 ball pythons
  5 bats
  9 giant cockroaches
  12 goblins
  4 hobgoblins
  12 jackals
  23 kobolds
  2 quokkas
  3 frilled lizards (D:1)
  A giant cockroach zombie (D:5)
  A leopard gecko zombie (D:7)
  6 rats
  2 toadstools (D:1)
247 creatures vanquished.

Vanquished Creatures (others)
  7 fungi (D:6)
  24 plants
  2 toadstools (D:1)
33 creatures vanquished.

Grand Total: 280 creatures vanquished

Notes
Turn   | Place    | Note
-------+----------+-------------------------------------------
     0 | D:1      | CunnyBadger the Demigod Transmuter began the quest for the
                  | Orb.
     0 | D:1      | Reached XP level 1. HP: 15/15 MP: 5/5
   402 | D:1      | Reached XP level 2. HP: 16/22 MP: 7/7
  1374 | D:1      | Reached XP level 3. HP: 27/27 MP: 8/8
  1800 | D:2      | Found a sacrificial altar of Ru.
  2920 | D:3      | Reached XP level 4. HP: 34/34 MP: 9/9
  2937 | D:3      | Reached skill level 1 in Armour
  3267 | D:3      | Noticed Natasha
  3287 | D:3      | Killed Natasha
  3288 | D:3      | Reached skill level 1 in Fighting
  3288 | D:3      | Reached skill level 1 in Short Blades
  3682 | D:3      | Found a radiant altar of Vehumet.
  3956 | D:4      | Reached XP level 5. HP: 40/40 MP: 10/10
  4035 | D:4      | Found a staircase to the Ecumenical Temple.
  4231 | D:4      | Found a stormy altar of Qazlal.
  4431 | D:4      | Found an ornate altar of the Wu Jian Council.
  5098 | D:4      | Reached XP level 6. HP: 34/47 MP: 11/11
  5142 | D:4      | Found a sparkling altar of Nemelex Xobeh.
  5442 | D:4      | Reached skill level 1 in Stealth
  5456 | D:4      | Reached skill level 1 in Shields
  5467 | D:4      | Found a bloodstained altar of Trog.
  5480 | D:4      | Reached XP level 7. HP: 53/53 MP: 0/13
  5586 | D:5      | Entered Level 5 of the Dungeon
  5815 | D:5      | Found an opulent altar of Gozag.
  5816 | D:5      | Found an ancient bone altar of Kikubaaqudgha.
  6686 | D:6      | Reached XP level 8. HP: 58/61 MP: 14/14
  6862 | D:6      | Found a blossoming altar of Fedhas.
  6962 | D:6      | Noticed Edmund
  6987 | D:6      | Killed Edmund
  7289 | D:6      | Reached skill level 5 in Short Blades
  7407 | D:6      | Found a shimmering blue altar of Sif Muna.
  7518 | D:6      | Noticed Sigmund
  7542 | D:6      | Killed Sigmund
  7677 | D:7      | Noticed a purple ugly thing
  7716 | D:7      | Killed a purple ugly thing
  7717 | D:7      | Reached skill level 5 in Dodging
  7797 | D:7      | Reached XP level 9. HP: 70/70 MP: 15/15
  7861 | D:7      | Reached skill level 5 in Armour
  8562 | D:7      | Reached skill level 5 in Shields
  8935 | D:7      | Found a snail-covered altar of Cheibriados.
  9576 | D:8      | Got a distressingly furry ring mail
  9623 | D:8      | Reached skill level 1 in Long Blades
  9644 | D:8      | Identified the cursed +0 ring mail of Weightlessness {rC+
                  | rN+} (You found it on level 8 of the Dungeon)
 10199 | D:8      | Found a hide-covered altar of Uskayaw.
 10336 | D:9      | Reached XP level 10. HP: 66/78 MP: 16/16
 10380 | D:9      | Noticed a two-headed ogre
 10394 | D:9      | Killed a two-headed ogre
 10677 | D:9      | Found a runed translucent door.
 10677 | D:9      | Noticed sixsigma's ghost (journeyman GnCj)
 10823 | D:9      | Found a flagged portal.
 11109 | D:9      | Slain by sixsigma's ghost

Illustrated notes

Levels and vault maps discovered:
D:1:      ldierk_water_garden, layout_loops_ring, minmay_misc_feat_more_columns,
          corexii_leaking_fountain, nrook_mini_backslash
D:2:      layout_basic, marbit_many_paths
D:3:      layout_basic, nicolae_overflow_crystal_walls, serial_bayou,
          serial_bayou_pond_b, serial_bayou_pond_e, serial_bayou_shore_b,
          serial_bayou_lake_a, uniq_natasha, uniq_crazy_yiuf_cottage
D:4:      kennysheep_spiral_hall, layout_basic, kennysheep_mini,
          nicolae_qazlal_general_emergency, trog_eyes_of_draining,
          minmay_temple_entry_fiery, nemelex_lonely_heart_becter
D:5:      layout_basic, grunt_temple_overflow_open
D:6:      layout_basic, led_sif_book, fedhas_altar_3, uniq_sigmund, uniq_edmund
D:7:      layout_basic, nicolae_overflow_hidden_temple, kennysheep_path_1,
          minmay_shattered_shrine
D:8:      layout_rooms, eat_drink_and_be_merry_uskayaw, eino_jars
D:9:      layout_long_grid, enter_bailey_3, hellmonk_ghost_happy_afterlife,
          minivault_23

Skill      XL: |  1  2  3  4  5  6  7  8  9 10 |
---------------+-------------------------------+-----
Unarmed Combat | 3 |  3.6
Spellcasting   | 2 |  2.0
Dodging        | 2 3 4 5 6 |  6.1
Transmutations | 2 |  2.0
Armour         | 2 3 4 5 |  5.8
Fighting       | 1 2 3 4 |  4.6
Short Blades   | 1 2 3 4 5 6 |  6.3
Stealth        | 1 2 3 |  3.1
Shields        | 1 2 4 5 6 |  6.3
Long Blades    | 2 4 |  4.6
Maces & Flails | |  0.3

Action                   |  1- 3 |  4- 6 |  7- 9 | 10-12 || total
-------------------------+-------+-------+-------+-------++-------
Melee: Unarmed           |    61 |       |       |       ||    61
       Dagger            |    81 |   221 |   613 |       ||   915
       Kick              |     4 |       |       |       ||     4
       Punch             |       |     1 |       |       ||     1
       Whip              |       |       |    26 |       ||    26
       Long sword        |       |       |   131 |   133 ||   264
 Cast: Beastly Appendage |     1 |       |       |       ||     1
  Use: Scroll            |     8 |     5 |    11 |     3 ||    27
 Stab: Sleeping          |       |       |     5 |       ||     5
Armor: Robe              |     5 |       |       |       ||     5
       Leather armour    |     8 |       |       |       ||     8
       Ring mail         |    20 |    72 |   184 |    47 ||   323
Dodge: Dodged            |    83 |    98 |   387 |   127 ||   695
Block: Kite shield       |       |    28 |   435 |   126 ||   589
       Rpst.: Long sword |       |       |    20 |    44 ||    64
